 Dungeon Sprint DCSS version 0.28-a0-1190-g77e1c55843 (webtiles) character file.

Game seed: 15153980391563400173

830 rocky1 the Frost Mage (level 7, -6/36 HPs)
             Began as a Deep Elf Ice Elementalist on Dec 19, 2021.
             Was a High Priest of Sif Muna.
             Mangled by a polar bear (25 damage)
             ... in the Dungeon (Sprint VII: "The Pits").
             The game lasted 00:04:53 (833 turns).

rocky1 the Frost Mage (Deep Elf Ice Elementalist)    Turns: 833, Time: 00:04:54

Health: -6/36      AC: 11    Str:  5    XL:     7   Next: 65%
Magic:  2/22       EV: 12    Int: 22    God:    Sif Muna [*****.]
Gold:   0          SH:  0    Dex: 15    Spells: 15/26 levels left

rFire   . . .      SeeInvis .   l - +2 quarterstaff (speed)
rCold   . . .      Faith    .   (shield currently unavailable)
rNeg    . . .      Spirit   .   a - +0 robe
rPois   .          Reflect  .   (no helmet)
rElec   .          Harm     .   (no cloak)
rCorr   .          Rampage  .   (no gloves)
Will    .....      NoTele   +   (no boots)
Stlth   ++........              (no amulet)
HPRegen 0.12/turn               (no ring)
MPRegen 0.18/turn               (no ring)

@: ice-armoured, freezing walls
A: no striking features
a: Renounce Religion, Channel Magic, Forget Spell, Divine Exegesis


You were in the Dungeon.
You worshipped Sif Muna.
Sif Muna was extremely pleased with you.
You visited 1 branch

Inventory:

Hand Weapons
 k - a +1 long sword of holy wrath
 l - a +2 quarterstaff of speed (weapon)
Missiles
 m - 15 poisoned darts (quivered)
Armour
 a - a +0 robe (worn)
Scrolls
 g - a scroll of blinking
 i - 5 scrolls of amnesia
 j - a scroll of summoning
Potions
 b - 6 potions of curing
 c - 6 potions of heal wounds
 d - a potion of haste
 e - 3 potions of magic
 f - 3 potions of berserk rage
 h - 2 potions of invisibility


   Skills:
 - Level 2.4 Dodging
 - Level 2.4 Stealth
 + Level 10.4 Spellcasting
 + Level 5.6 Conjurations
 + Level 13.5 Ice Magic
 + Level 8.3 Invocations


You had 15 spell levels left.
You knew the following spells:

 Your Spells              Type           Power      Damage    Failure   Level
a - Freeze                Ice            100%       1d11      1%          1
b - Frozen Ramparts       Ice            100%       1d12      1%          3
c - Ozocubu's Armour      Ice            63%        N/A       1%          3
d - Hailstorm             Conj/Ice       52%        3d12      1%          4

Your spell library contained the following spells:

 Spells                   Type           Power      Damage    Failure   Level
 Summon Small Mammal      Summ           44%        N/A       6%          1
 Corpse Rot               Necr/Air       22%        N/A       9%          2
 Animate Armour           Summ/Erth      22%        N/A       50%         4
 Haunt                    Necr/Summ      5%         N/A       100%        7
 Monstrous Menagerie      Summ           5%         N/A       100%        7
 Summon Hydra             Summ           5%         N/A       100%        7
 Infestation              Necr           5%         N/A       100%        8


Dungeon Overview and Level Annotations

Branches:
Dungeon (1/1)

Altars:
Ashenzari
Cheibriados
Dithmenos
Elyvilon
Fedhas
Gozag
Hepliaklqana
Kikubaaqudgha
Makhleb
Nemelex Xobeh
Okawaru
Qazlal
Ru
Sif Muna
Trog
Uskayaw
Vehumet
Wu Jian
Xom
Yredelemnul
Zin
The Shining One
Beogh
Jiyva
Lugonu

Annotations:
D Jessica


Message History

Aim: a polar bear (heavily wounded)
You freeze the polar bear.
The polar bear resists.
The polar bear is severely wounded.
The polar bear resists.
The wall freezes the polar bear.
The polar bear bites you. The polar bear closely misses you.
The polar bear misses you.
Casting: Freeze (safe; 1% risk of failure)
Confirm with . or Enter, or press ? or * to list all spells.
Aiming: Freeze (safe; 1% risk of failure)
Press: ? - help, Shift-Dir - straight line, f/p - polar bear
Aim: a polar bear (severely wounded)
You freeze the polar bear.
The polar bear resists.
The polar bear is almost dead.
The polar bear resists.
The wall freezes the polar bear.
The polar bear goes berserk!
Casting: Freeze (safe; 1% risk of failure)
Confirm with . or Enter, or press ? or * to list all spells.
Aiming: Freeze (safe; 1% risk of failure)
Press: ? - help, Shift-Dir - straight line, f/p - polar bear
Aim: a polar bear (almost dead, berserk)
You freeze the polar bear.
The polar bear resists.
The polar bear is almost dead.
The polar bear resists.
The wall freezes the polar bear.
The polar bear bites you!
The polar bear claws you but does no damage.
The polar bear barely misses you.
Jessica gestures wildly while chanting.
Jessica blinks!
Casting: Freeze (safe; 1% risk of failure)
Confirm with . or Enter, or press ? or * to list all spells.
Aiming: Freeze (safe; 1% risk of failure)
Press: ? - help, Shift-Dir - straight line, f/p - polar bear
Aim: a polar bear (almost dead, berserk)
You freeze the polar bear.
The polar bear resists.
The polar bear is almost dead.
The polar bear completely resists.
The wall freezes the polar bear but does no damage.
The polar bear bites you!!
Ouch! That really hurt!
You die...

#.#........##.......#
#.#####'#####...<...#
#.#....))[.##.......#
#)#...)))[.##.......#
#)###########.......#
#)÷.....#.. #########
#..#.#..#)# ###
#.##.##.#)# .@.#
#.......#@#....#
#.##.##.#.h.§..+
#..#.#..#'#....#
#.......'.#....#
########### ####


You could see a polar bear (berserk).

Vanquished Creatures
  A cane toad (D)
  A fire bat (D)
  A sky beast (D)
  2 kobold brigands (D)
  A jelly (D)
  A quasit (D)
  An orc priest (D)
  An iron imp (D)
  An orc wizard (D)
  A gnoll (D)
  An adder (D)
  5 orcs (D)
  A ball python (D)
  A giant cockroach (D)
  3 quokkas (D)
  A frilled lizard (D)
  2 rats (D)
25 creatures vanquished.

Notes
Turn   | Place    | Note
-------+----------+-------------------------------------------
     0 | D        | rocky1 the Deep Elf Ice Elementalist began the quest for
                  | the Orb.
     0 | D        | Reached XP level 1. HP: 10/10 MP: 6/6
    18 | D        | Found a bloodstained altar of Trog.
    18 | D        | Found a shimmering blue altar of Sif Muna.
    18 | D        | Found a viscous altar of Jiyva.
    18 | D        | Found a hazy altar of Hepliaklqana.
    18 | D        | Found an opulent altar of Gozag.
    19 | D        | Found a glowing golden altar of the Shining One.
    19 | D        | Found a glowing silver altar of Zin.
    19 | D        | Found a basalt altar of Yredelemnul.
    19 | D        | Found a shimmering altar of Xom.
    19 | D        | Found an ornate altar of the Wu Jian Council.
    19 | D        | Found a sacrificial altar of Ru.
    19 | D        | Found a stormy altar of Qazlal.
    19 | D        | Found an iron altar of Okawaru.
    19 | D        | Found a sparkling altar of Nemelex Xobeh.
    19 | D        | Found a burning altar of Makhleb.
    19 | D        | Found a blossoming altar of Fedhas.
    19 | D        | Found a white marble altar of Elyvilon.
    19 | D        | Found a shadowy altar of Dithmenos.
    19 | D        | Found a snail-covered altar of Cheibriados.
    22 | D        | Found a corrupted altar of Lugonu.
    22 | D        | Found a radiant altar of Vehumet.
    23 | D        | Found an ancient bone altar of Kikubaaqudgha.
    23 | D        | Found a hide-covered altar of Uskayaw.
    23 | D        | Found a broken altar of Ashenzari.
    24 | D        | Became a worshipper of Sif Muna the Loreminder
    63 | D        | Reached skill level 5 in Ice Magic
    77 | D        | Reached skill level 6 in Ice Magic
    77 | D        | Reached XP level 2. HP: 15/15 MP: 5/8
    78 | D        | Reached * piety under Sif Muna
   192 | D        | Noticed a sky beast
   198 | D        | Killed a sky beast
   198 | D        | Reached ** piety under Sif Muna
   199 | D        | Reached skill level 10 in Ice Magic
   199 | D        | Reached XP level 3. HP: 9/19 MP: 4/9
   199 | D        | Reached XP level 4. HP: 12/24 MP: 4/10
   204 | D        | Learned a level 3 spell: Frozen Ramparts
   208 | D        | Learned a level 3 spell: Ozocubu's Armour
   427 | D        | Reached *** piety under Sif Muna
   430 | D        | Reached skill level 11 in Ice Magic
   430 | D        | Reached XP level 5. HP: 28/28 MP: 2/13
   447 | D        | Reached **** piety under Sif Muna
   448 | D        | Reached skill level 12 in Ice Magic
   448 | D        | Reached skill level 5 in Invocations
   448 | D        | Reached XP level 6. HP: 25/32 MP: 10/18
   701 | D        | Learned a level 4 spell: Hailstorm
   713 | D        | Reached skill level 1 in Conjurations
   772 | D        | Noticed a fire bat
   776 | D        | Reached ***** piety under Sif Muna
   776 | D        | Received a gift from Sif Muna
   776 | D        | Killed a fire bat
   777 | D        | Reached skill level 13 in Ice Magic
   777 | D        | Reached XP level 7. HP: 36/36 MP: 13/21
   779 | D        | Got Juboph's Volume of Supportive Darkness {god gift}
   822 | D        | Noticed Jessica
   822 | D        | Noticed a cane toad
   822 | D        | Noticed a polar bear
   828 | D        | Killed a cane toad
   829 | D        | Reached skill level 10 in Spellcasting
   829 | D        | Reached skill level 5 in Conjurations
   833 | D        | Mangled by a polar bear

Illustrated notes

Levels and vault maps discovered:
D:        pitsprint [storerooms_1, entrance_room_1, metal_vault_3, armoury_1,
          mini_pit_1, grid_room_1, main_hall_1, silver_pit, the_coven_1,
          the_vestibule_1, steel_vault_5, golden_pit, hallway_of_sentries,
          crystal_vault_1, iron_vault_5, final_vault]

Skill      XL: |  1  2  3  4  5  6  7 |
---------------+----------------------+-----
Ice Magic      | 6 10 11 12 13 | 13.5
Spellcasting   | 4 7 9 10 | 10.4
Invocations    | 2 5 7 8 |  8.3
Conjurations   | 3 5 |  5.6
Dodging        | |  2.4
Stealth        | |  2.4

Action                   |  1- 3 |  4- 6 |  7- 9 || total
-------------------------+-------+-------+-------++-------
Melee: Quarterstaff      |       |     4 |       ||     4
Throw: Dart              |       |     1 |       ||     1
 Cast: Freeze            |    11 |    14 |     6 ||    31
       Frozen Ramparts   |       |     5 |     1 ||     6
       Ozocubu's Armour  |       |     4 |     1 ||     5
       Hailstorm         |       |       |     2 ||     2
  Use: Potion            |       |     1 |       ||     1
 Stab: Sleeping          |       |     1 |       ||     1
Armor: Robe              |       |     4 |     7 ||    11
Dodge: Dodged            |     6 |    11 |    11 ||    28

Table legend: (Time is in decaauts)
 A = Elapsed time spent in this place.
 B = Non-inter-level travel time spent in this place.
 C = Inter-level travel time spent in this place.
 D = Time resting spent in this place.
 E = Time spent auto-exploring this place.
 F = Levels seen in this place.
 G = Mean time per level.
                   A        B        C        D        E       F      G
               +--------+--------+--------+--------+--------+-----+--------+
         Total |    831 |    831 |      0 |    578 |      0 |   1 |  831.0 |
       Dungeon |    831 |    831 |      0 |    578 |      0 |   1 |  831.0 |
               +--------+--------+--------+--------+--------+-----+--------+

Top non-repeatable levels by time:
       D: 831 daAuts
